[ PARTIDA AOE2 · #474917883 ]
Team RMCeltas vs Burgundians
[ ANÁLISIS DE REPETICIÓN · EXTRAÍDO DE LA PARTIDA GRABADA ]
Feudal
10:18
Castillos
16:43
Imperial
—
| APM promedio | 23.2 |
| APM pico | 59 |
| eAPM promedio | 14.0 |
| Aldeanos / militares | 126 / 102 |
Foco
⚔️ 28.4% · 🌾 71.6%
Woad Raider ×56 · Spearman ×20 · Battering Ram ×20 · Monk ×3 · Mangonel ×3
Feudal
11:34
Castillos
15:12
Imperial
29:46
| APM promedio | 30.4 |
| APM pico | 68 |
| eAPM promedio | 16.4 |
| Aldeanos / militares | 165 / 87 |
Foco
⚔️ 22.8% · 🌾 77.2%
Battle Elephant ×85 · Monk ×2
Feudal
10:27
Castillos
16:12
Imperial
28:54
| APM promedio | 50.6 |
| APM pico | 115 |
| eAPM promedio | 23.3 |
| Aldeanos / militares | 140 / 23 |
Foco
⚔️ 23.4% · 🌾 76.6%
Coustillier ×15 · Bombard Cannon ×5 · Monk ×2 · Hand Cannoneer ×1
Feudal
10:56
Castillos
15:53
Imperial
31:29
| APM promedio | 18.5 |
| APM pico | 39 |
| eAPM promedio | 14.1 |
| Aldeanos / militares | 120 / 308 |
Foco
⚔️ 31.5% · 🌾 68.5%
Konnik ×150 · Militia ×90 · Spearman ×64 · Trebuchet (Packed) ×3 · Monk ×1
Feudal
9:56
Castillos
16:04
Imperial
33:59
| APM promedio | 20.4 |
| APM pico | 48 |
| eAPM promedio | 14.1 |
| Aldeanos / militares | 108 / 149 |
Foco
⚔️ 31.1% · 🌾 68.9%
Shrivamsha Rider ×78 · Camel Scout ×68 · Scout Cavalry ×3
Feudal
11:25
Castillos
15:35
Imperial
33:22
| APM promedio | 46.5 |
| APM pico | 112 |
| eAPM promedio | 20.6 |
| Aldeanos / militares | 126 / 89 |
Foco
⚔️ 26.9% · 🌾 73.1%
Janissary ×54 · Hand Cannoneer ×28 · Battering Ram ×3 · Spearman ×2 · Bombard Cannon ×2
Feudal
10:33
Castillos
15:46
Imperial
—
| APM promedio | 23.2 |
| APM pico | 68 |
| eAPM promedio | 11.4 |
| Aldeanos / militares | 102 / 58 |
Foco
⚔️ 27.1% · 🌾 72.9%
Knight ×41 · Monk ×17
Feudal
11:44
Castillos
16:29
Imperial
28:07
| APM promedio | 22.1 |
| APM pico | 59 |
| eAPM promedio | 16.0 |
| Aldeanos / militares | 144 / 195 |
Foco
⚔️ 40.2% · 🌾 59.8%
Archer ×189 · Trebuchet (Packed) ×6
Mapa de la partida
Recursos iniciales + cada clic de construcción. Líneas = muros · curvas = relieve. ◆ oro · ⬟ piedra · ● bayas · ✦ reliquia · ◌ hueco del cierre
Tu base· ✓ Cerrada en 16:43 · 0t muro · 3 puerta(s)
Base de Lemmy· ✓ Cerrada en 15:12 · 0t muro · 4 puerta(s)
Base de watsons_water· ✓ Cerrada en 16:12 · 0t muro · 4 puerta(s)
Base de Cenute (aoetm.eu)· ✓ Cerrada en 15:53 · 0t muro · 3 puerta(s)
Base de Augus· ✓ Cerrada en 16:04 · 0t muro · 2 puerta(s)
Base de NitwoL· ✓ Cerrada en 15:35 · 0t muro · 3 puerta(s)
Base de KhanShinnok· ✓ Cerrada en 15:46 · 0t muro · 2 puerta(s)
Base de luizcspinha· ✓ Cerrada en 16:29 · 0t muro · 3 puerta(s)
Terreno inicial suavizado · ◌ = hueco del cierre detectado · pasá el cursor para detalles
Inputs por minuto
— Lapin de Komodo - - Lemmy
Build order — Lapin de Komodo
Primeras 150 de 288 acciones detectadas
| 0:01 | Crear | Villager (Male) |
| 0:02 | Crear | Villager (Male) |
| 0:02 | Crear | Villager (Male) |
| 0:02 | Crear | Villager (Male) |
| 0:06 | Construir | House |
| 0:09 | Construir | House |
| 1:31 | Crear | Villager (Male) |
| 1:31 | Crear | Villager (Male) |
| 2:03 | Construir | Lumber Camp |
| 2:09 | Crear | Villager (Male) |
| 2:09 | Crear | Villager (Male) |
| 2:29 | Crear | Villager (Male) |
| 2:29 | Crear | Villager (Male) |
| 3:11 | Crear | Villager (Male) |
| 3:11 | Crear | Villager (Male) |
| 3:12 | Crear | Villager (Male) |
| 4:08 | Crear | Villager (Male) |
| 4:08 | Crear | Villager (Male) |
| 4:30 | Crear | Villager (Male) |
| 4:59 | Construir | House |
| 5:17 | Crear | Villager (Male) |
| 5:17 | Crear | Villager (Male) |
| 5:53 | Crear | Villager (Male) |
| 5:54 | Crear | Villager (Male) |
| 6:09 | Construir | Mill |
| 6:39 | Crear | Villager (Male) |
| 6:39 | Crear | Villager (Male) |
| 6:39 | Crear | Villager (Male) |
| 6:47 | Construir | House |
| 6:48 | Construir | House |
| 8:08 | Investigar | Feudal Age |
| 8:09 | Investigar | Feudal Age |
| 8:53 | Investigar | Loom |
| 8:54 | Crear | Villager (Male) |
| 9:19 | Construir | Mining Camp |
| 9:33 | Crear | Villager (Male) ×5 |
| 10:18 | Edad | Edad Feudal |
| 10:28 | Investigar | Horse Collar |
| 10:47 | Crear | Villager (Male) |
| 11:03 | Construir | Market |
| 11:15 | Construir | Blacksmith |
| 11:36 | Construir | Farm |
| 11:37 | Construir | Farm |
| 12:11 | Construir | Farm |
| 12:29 | Crear | Villager (Male) |
| 12:58 | Construir | Farm |
| 13:44 | Construir | Farm |
| 13:58 | Investigar | Castle Age |
| 13:58 | Investigar | Castle Age |
| 14:04 | Construir | Farm |
| 14:34 | Construir | Farm |
| 14:43 | Construir | Mining Camp |
| 15:02 | Investigar | Double-Bit Axe |
| 15:26 | Construir | Farm |
| 15:54 | Construir | House |
| 15:55 | Construir | House |
| 16:11 | Construir | Farm |
| 16:24 | Crear | Villager (Male) ×5 |
| 16:43 | Edad | Edad de los Castillos |
| 17:29 | Construir | Barracks |
| 17:47 | Crear | Villager (Male) |
| 17:48 | Crear | Villager (Male) |
| 18:18 | Crear | Villager (Male) |
| 18:19 | Crear | Villager (Male) |
| 18:43 | Crear | Spearman |
| 18:43 | Crear | Spearman |
| 19:02 | Construir | Castle |
| 19:24 | Crear | Villager (Male) |
| 19:38 | Crear | Spearman |
| 19:57 | Crear | Spearman |
| 19:57 | Crear | Spearman |
| 20:20 | Construir | Lumber Camp |
| 20:29 | Crear | Villager (Male) ×5 |
| 20:38 | Construir | Farm |
| 20:57 | Construir | Monastery |
| 21:02 | Construir | Siege Workshop |
| 21:12 | Construir | Siege Workshop |
| 21:15 | Crear | Spearman |
| 21:16 | Investigar | Pikeman (upgrade) |
| 21:22 | Crear | Monk |
| 21:25 | Crear | Villager (Male) |
| 21:26 | Crear | Villager (Male) |
| 21:41 | Investigar | Fletching |
| 21:46 | Crear | Villager (Male) |
| 22:20 | Crear | Villager (Male) |
| 22:38 | Construir | Farm |
| 22:39 | Construir | Farm |
| 22:39 | Construir | Farm |
| 22:45 | Construir | Farm |
| 22:50 | Crear | Villager (Male) |
| 22:58 | Crear | Battering Ram |
| 23:02 | Crear | Spearman |
| 23:02 | Crear | Spearman |
| 23:11 | Crear | Battering Ram |
| 23:35 | Crear | Battering Ram |
| 23:41 | Investigar | Wheelbarrow |
| 23:45 | Investigar | Heavy Plow |
| 23:57 | Crear | Spearman |
| 23:58 | Crear | Spearman |
| 23:58 | Crear | Spearman |
| 24:21 | Crear | Monk |
| 24:35 | Crear | Spearman |
| 24:35 | Crear | Spearman |
| 24:41 | Investigar | Scale Mail Armor |
| 24:47 | Crear | Battering Ram |
| 25:05 | Investigar | Forging |
| 25:19 | Construir | Farm |
| 25:19 | Construir | Farm |
| 25:24 | Construir | Farm |
| 25:40 | Crear | Battering Ram |
| 25:50 | Crear | Woad Raider ×3 |
| 25:54 | Construir | House |
| 25:55 | Construir | House |
| 25:56 | Construir | House |
| 26:00 | Construir | House |
| 26:07 | Construir | House |
| 26:23 | Crear | Woad Raider ×2 |
| 26:40 | Crear | Spearman ×4 |
| 27:16 | Crear | Woad Raider ×2 |
| 27:21 | Crear | Spearman |
| 27:51 | Crear | Woad Raider ×2 |
| 27:52 | Crear | Woad Raider ×2 |
| 28:33 | Crear | Woad Raider |
| 28:33 | Crear | Woad Raider |
| 29:00 | Crear | Woad Raider |
| 29:00 | Crear | Woad Raider |
| 29:24 | Crear | Woad Raider ×2 |
| 29:24 | Crear | Woad Raider ×2 |
| 29:32 | Construir | Town Center |
| 29:46 | Construir | Farm |
| 29:57 | Crear | Spearman |
| 29:58 | Crear | Spearman |
| 30:22 | Crear | Villager (Male) ×3 |
| 30:29 | Construir | Farm |
| 30:39 | Crear | Villager (Male) ×2 |
| 31:06 | Crear | Woad Raider ×2 |
| 31:22 | Crear | Woad Raider |
| 31:22 | Crear | Villager (Male) |
| 31:44 | Construir | Castle |
| 31:52 | Crear | Villager (Male) |
| 31:53 | Crear | Villager (Male) |
| 31:54 | Crear | Villager (Male) |
| 31:55 | Crear | Villager (Male) |
| 31:55 | Crear | Villager (Male) |
| 32:22 | Construir | Barracks |
| 32:33 | Construir | Siege Workshop |
| 32:39 | Crear | Villager (Male) |
| 32:40 | Crear | Villager (Male) |
| 32:41 | Crear | Villager (Male) |
| 32:45 | Investigar | Bow Saw |
Build order — Lemmy
Primeras 150 de 393 acciones detectadas
| 0:01 | Crear | Villager (Male) |
| 0:02 | Crear | Villager (Male) |
| 0:02 | Crear | Villager (Male) |
| 0:02 | Crear | Villager (Male) |
| 0:03 | Construir | House |
| 0:04 | Construir | House |
| 1:42 | Crear | Villager (Male) |
| 1:47 | Construir | Lumber Camp |
| 2:13 | Crear | Villager (Male) |
| 2:13 | Crear | Villager (Male) |
| 2:14 | Crear | Villager (Male) |
| 2:47 | Crear | Villager (Male) |
| 2:48 | Crear | Villager (Male) |
| 3:03 | Crear | Villager (Male) |
| 3:39 | Crear | Villager (Male) |
| 3:39 | Crear | Villager (Male) |
| 3:44 | Construir | Mill |
| 4:00 | Construir | House |
| 4:06 | Crear | Villager (Male) |
| 4:44 | Crear | Villager (Male) |
| 5:11 | Crear | Villager (Male) |
| 5:39 | Crear | Villager (Male) |
| 6:02 | Crear | Villager (Male) |
| 6:12 | Construir | Lumber Camp |
| 6:15 | Crear | Villager (Male) |
| 6:20 | Construir | House |
| 6:32 | Crear | Villager (Male) |
| 6:46 | Crear | Villager (Male) |
| 6:47 | Crear | Villager (Male) |
| 7:26 | Crear | Villager (Male) |
| 7:53 | Construir | House |
| 8:14 | Crear | Villager (Male) |
| 8:41 | Crear | Villager (Male) |
| 8:47 | Construir | Mining Camp |
| 9:00 | Crear | Villager (Male) |
| 9:10 | Investigar | Feudal Age |
| 9:34 | Construir | Farm |
| 10:50 | Construir | Farm |
| 11:11 | Crear | Villager (Male) |
| 11:34 | Edad | Edad Feudal |
| 11:48 | Construir | Market |
| 12:10 | Construir | House |
| 12:14 | Construir | Farm |
| 12:17 | Construir | Farm |
| 12:22 | Construir | Blacksmith |
| 12:27 | Construir | Farm |
| 12:29 | Construir | Farm |
| 12:30 | Crear | Villager (Male) |
| 12:32 | Investigar | Castle Age |
| 12:32 | Investigar | Castle Age |
| 13:19 | Construir | Mining Camp |
| 13:36 | Investigar | Double-Bit Axe |
| 13:38 | Investigar | Horse Collar |
| 13:45 | Construir | House |
| 14:16 | Construir | Farm |
| 14:49 | Crear | Villager (Male) |
| 15:12 | Edad | Edad de los Castillos |
| 15:19 | Construir | Town Center |
| 15:24 | Crear | Villager (Male) |
| 15:24 | Crear | Villager (Male) |
| 15:34 | Construir | Town Center |
| 15:40 | Crear | Villager (Male) |
| 15:50 | Construir | Town Center |
| 15:53 | Crear | Villager (Male) |
| 16:06 | Construir | Farm |
| 16:16 | Crear | Villager (Male) |
| 16:29 | Construir | Farm |
| 16:30 | Crear | Villager (Male) |
| 16:30 | Crear | Villager (Male) |
| 16:46 | Crear | Villager (Male) |
| 16:54 | Construir | Farm |
| 17:05 | Crear | Villager (Male) |
| 17:09 | Crear | Villager (Male) |
| 17:09 | Crear | Villager (Male) |
| 17:10 | Crear | Villager (Male) |
| 17:11 | Crear | Villager (Male) |
| 17:12 | Crear | Villager (Male) |
| 17:13 | Crear | Villager (Male) |
| 17:14 | Crear | Villager (Male) |
| 17:19 | Construir | Farm |
| 17:24 | Construir | Farm |
| 17:27 | Construir | Farm |
| 17:30 | Construir | Farm |
| 17:35 | Construir | Farm |
| 17:38 | Crear | Villager (Male) |
| 17:38 | Crear | Villager (Male) |
| 17:45 | Construir | Farm |
| 17:51 | Crear | Villager (Male) |
| 17:53 | Crear | Villager (Male) |
| 17:57 | Crear | Villager (Male) |
| 18:03 | Construir | Farm |
| 18:06 | Construir | Farm |
| 18:08 | Crear | Villager (Male) |
| 18:13 | Construir | Farm |
| 18:16 | Construir | Farm |
| 18:18 | Construir | Farm |
| 18:19 | Crear | Villager (Male) |
| 18:20 | Crear | Villager (Male) |
| 18:21 | Crear | Villager (Male) |
| 18:21 | Crear | Villager (Male) |
| 18:29 | Construir | Farm |
| 18:33 | Construir | Farm |
| 18:34 | Crear | Villager (Male) |
| 18:34 | Crear | Villager (Male) |
| 18:39 | Crear | Villager (Male) |
| 18:45 | Construir | Farm |
| 18:46 | Crear | Villager (Male) |
| 18:52 | Investigar | Town Watch |
| 19:01 | Construir | House |
| 19:09 | Crear | Villager (Male) |
| 19:09 | Crear | Villager (Male) |
| 19:18 | Investigar | Wheelbarrow |
| 19:20 | Crear | Villager (Male) |
| 19:21 | Crear | Villager (Male) |
| 19:32 | Construir | House |
| 19:33 | Construir | House |
| 19:34 | Crear | Villager (Male) |
| 19:35 | Crear | Villager (Male) |
| 19:45 | Construir | Farm |
| 19:49 | Construir | Farm |
| 19:51 | Construir | Farm |
| 19:52 | Crear | Villager (Male) |
| 19:52 | Crear | Villager (Male) |
| 19:58 | Construir | Farm |
| 19:59 | Crear | Villager (Male) |
| 19:59 | Crear | Villager (Male) |
| 20:19 | Crear | Villager (Male) |
| 20:19 | Crear | Villager (Male) |
| 20:20 | Crear | Villager (Male) |
| 20:22 | Construir | House |
| 20:24 | Crear | Villager (Male) |
| 20:25 | Crear | Villager (Male) |
| 20:25 | Crear | Villager (Male) |
| 20:31 | Construir | Farm |
| 20:34 | Construir | Farm |
| 20:38 | Construir | Farm |
| 20:41 | Construir | Farm |
| 20:44 | Crear | Villager (Male) |
| 20:44 | Crear | Villager (Male) |
| 20:45 | Crear | Villager (Male) |
| 20:56 | Construir | House |
| 20:58 | Construir | Farm |
| 21:00 | Construir | Farm |
| 21:06 | Construir | House |
| 21:08 | Construir | House |
| 21:08 | Construir | House |
| 21:08 | Construir | House |
| 21:09 | Construir | House |
| 21:09 | Construir | House |
| 21:10 | Crear | Villager (Male) |
Build order — watsons_water
Primeras 150 de 293 acciones detectadas
| 0:02 | Crear | Villager (Male) ×4 |
| 0:02 | Crear | Villager (Male) ×4 |
| 0:03 | Construir | House |
| 0:04 | Construir | House |
| 1:29 | Crear | Villager (Male) |
| 1:29 | Crear | Villager (Male) |
| 1:52 | Construir | Lumber Camp |
| 1:53 | Crear | Villager (Male) |
| 2:30 | Crear | Villager (Male) |
| 2:56 | Crear | Villager (Male) |
| 2:56 | Crear | Villager (Male) |
| 3:11 | Crear | Villager (Male) |
| 3:24 | Construir | House |
| 3:32 | Investigar | Double-Bit Axe |
| 3:54 | Crear | Villager (Male) |
| 4:20 | Crear | Villager (Male) |
| 4:44 | Crear | Villager (Male) |
| 4:45 | Crear | Villager (Male) |
| 4:47 | Construir | Mill |
| 5:13 | Crear | Villager (Male) |
| 5:17 | Crear | Villager (Male) |
| 5:43 | Construir | House |
| 6:00 | Crear | Villager (Male) |
| 6:30 | Crear | Villager (Male) |
| 6:57 | Crear | Villager (Male) |
| 7:19 | Crear | Villager (Male) |
| 7:48 | Crear | Villager (Male) |
| 8:17 | Investigar | Feudal Age |
| 8:28 | Construir | Mining Camp |
| 8:34 | Construir | House |
| 8:38 | Construir | House |
| 8:51 | Construir | Farm |
| 8:52 | Construir | Farm |
| 8:54 | Construir | Farm |
| 8:55 | Investigar | Horse Collar |
| 9:12 | Construir | House |
| 9:19 | Construir | Farm |
| 9:22 | Construir | Farm |
| 9:48 | Construir | Farm |
| 10:27 | Edad | Edad Feudal |
| 10:30 | Crear | Villager (Male) |
| 10:44 | Crear | Villager (Male) |
| 11:01 | Investigar | Bow Saw |
| 11:04 | Crear | Villager (Male) |
| 11:47 | Crear | Villager (Male) |
| 11:52 | Construir | Blacksmith |
| 12:08 | Crear | Villager (Male) |
| 12:33 | Construir | Market |
| 12:41 | Crear | Villager (Male) |
| 13:07 | Construir | Mining Camp |
| 13:32 | Investigar | Castle Age |
| 13:46 | Investigar | Gold Mining |
| 13:58 | Construir | Farm |
| 14:31 | Investigar | Stone Mining |
| 14:34 | Crear | Villager (Male) |
| 15:08 | Investigar | Scale Barding Armor |
| 16:12 | Edad | Edad de los Castillos |
| 16:19 | Crear | Villager (Male) |
| 16:30 | Investigar | Chain Barding Armor |
| 17:01 | Construir | Farm |
| 17:03 | Construir | Farm |
| 17:11 | Crear | Villager (Male) |
| 17:23 | Construir | Castle |
| 17:30 | Investigar | Loom |
| 17:34 | Investigar | Wheelbarrow |
| 17:35 | Crear | Villager (Male) |
| 17:38 | Construir | Farm |
| 17:45 | Construir | Farm |
| 17:53 | Crear | Villager (Male) |
| 18:03 | Construir | Farm |
| 18:25 | Construir | Lumber Camp |
| 18:36 | Crear | Villager (Male) |
| 18:53 | Crear | Coustillier |
| 19:01 | Construir | Farm |
| 19:03 | Construir | Farm |
| 19:09 | Crear | Villager (Male) |
| 19:10 | Crear | Coustillier |
| 19:29 | Crear | Villager (Male) |
| 19:59 | Crear | Coustillier |
| 20:00 | Crear | Villager (Male) |
| 20:11 | Crear | Villager (Male) |
| 20:13 | Construir | Farm |
| 20:19 | Crear | Coustillier |
| 20:24 | Crear | Villager (Male) |
| 20:25 | Construir | Farm |
| 20:26 | Crear | Villager (Male) |
| 20:31 | Crear | Coustillier |
| 20:34 | Construir | Barracks |
| 20:42 | Construir | Monastery |
| 20:48 | Crear | Coustillier |
| 20:52 | Crear | Villager (Male) |
| 21:00 | Crear | Villager (Male) |
| 21:02 | Investigar | Forging |
| 21:02 | Investigar | Forging |
| 21:11 | Crear | Villager (Male) |
| 21:23 | Crear | Villager (Male) |
| 21:28 | Crear | Coustillier |
| 21:31 | Construir | Farm |
| 21:32 | Crear | Monk |
| 21:37 | Construir | Stable |
| 21:41 | Crear | Villager (Male) |
| 21:53 | Crear | Villager (Male) |
| 21:54 | Construir | Farm |
| 22:02 | Construir | Farm |
| 22:13 | Crear | Coustillier |
| 22:28 | Crear | Coustillier |
| 22:28 | Crear | Villager (Male) |
| 22:39 | Construir | Farm |
| 22:42 | Crear | Coustillier |
| 22:48 | Construir | Farm |
| 22:49 | Investigar | Husbandry |
| 22:53 | Construir | Farm |
| 22:54 | Crear | Villager (Male) |
| 22:56 | Crear | Coustillier |
| 23:10 | Crear | Coustillier |
| 23:30 | Construir | House |
| 23:32 | Construir | Farm |
| 23:40 | Crear | Coustillier |
| 23:46 | Construir | House |
| 23:55 | Construir | Town Center |
| 24:19 | Crear | Villager (Male) |
| 24:21 | Crear | Coustillier |
| 24:49 | Crear | Villager (Male) |
| 24:56 | Construir | Farm |
| 25:00 | Construir | Farm |
| 25:44 | Investigar | Imperial Age |
| 25:44 | Investigar | Imperial Age |
| 25:47 | Investigar | Loom |
| 25:51 | Construir | Farm |
| 25:53 | Construir | Farm |
| 25:56 | Crear | Villager (Male) |
| 26:16 | Construir | House |
| 26:17 | Construir | House |
| 26:45 | Investigar | Town Watch |
| 27:14 | Construir | House |
| 27:17 | Construir | University |
| 27:23 | Crear | Coustillier |
| 27:44 | Construir | Palisade Gate |
| 28:54 | Edad | Edad Imperial |
| 29:16 | Investigar | Fletching |
| 29:17 | Investigar | Fletching |
| 29:56 | Crear | Villager (Male) |
| 29:56 | Crear | Villager (Male) |
| 29:57 | Crear | Villager (Male) |
| 30:09 | Investigar | Chemistry |
| 30:17 | Crear | Villager (Male) |
| 30:17 | Crear | Villager (Male) |
| 30:19 | Crear | Villager (Male) |
| 30:19 | Crear | Villager (Male) |
| 30:40 | Crear | Villager (Male) |
Build order — Cenute (aoetm.eu)
Primeras 150 de 424 acciones detectadas
| 0:01 | Crear | Villager (Male) |
| 0:04 | Construir | House |
| 0:05 | Construir | House |
| 0:14 | Crear | Villager (Male) |
| 0:15 | Crear | Villager (Male) |
| 0:23 | Crear | Villager (Male) |
| 1:25 | Crear | Villager (Male) |
| 1:45 | Construir | Lumber Camp |
| 2:00 | Crear | Villager (Male) |
| 2:19 | Crear | Villager (Male) |
| 2:47 | Crear | Villager (Male) |
| 2:59 | Construir | House |
| 3:06 | Crear | Villager (Male) |
| 3:40 | Crear | Villager (Male) |
| 4:01 | Crear | Villager (Male) |
| 4:03 | Construir | Mill |
| 4:26 | Crear | Villager (Male) |
| 4:33 | Construir | House |
| 4:50 | Crear | Villager (Male) |
| 5:25 | Crear | Villager (Male) |
| 5:36 | Crear | Villager (Male) |
| 6:05 | Crear | Villager (Male) |
| 6:06 | Crear | Villager (Male) |
| 6:29 | Crear | Villager (Male) |
| 6:48 | Construir | Farm |
| 6:48 | Construir | Farm |
| 7:07 | Crear | Villager (Male) |
| 7:22 | Construir | Farm |
| 7:39 | Construir | Mining Camp |
| 7:53 | Crear | Villager (Male) |
| 8:19 | Crear | Villager (Male) |
| 8:43 | Investigar | Feudal Age |
| 8:52 | Construir | House |
| 8:57 | Construir | Barracks |
| 9:56 | Construir | Farm |
| 10:19 | Construir | House |
| 10:25 | Crear | Villager (Male) |
| 10:26 | Crear | Villager (Male) |
| 10:56 | Edad | Edad Feudal |
| 11:00 | Construir | Market |
| 11:06 | Construir | Blacksmith |
| 11:20 | Crear | Villager (Male) |
| 11:29 | Construir | Farm |
| 11:29 | Construir | Farm |
| 12:09 | Crear | Villager (Male) |
| 12:30 | Construir | Farm |
| 12:36 | Crear | Villager (Male) |
| 13:13 | Investigar | Castle Age |
| 13:16 | Construir | House |
| 13:23 | Construir | Barracks |
| 13:41 | Investigar | Double-Bit Axe |
| 13:56 | Investigar | Horse Collar |
| 14:07 | Construir | Farm |
| 14:18 | Construir | Farm |
| 14:39 | Construir | Farm |
| 14:46 | Construir | Farm |
| 14:49 | Construir | House |
| 14:57 | Crear | Villager (Male) |
| 15:05 | Investigar | Wheelbarrow |
| 15:37 | Construir | House |
| 15:53 | Edad | Edad de los Castillos |
| 15:58 | Construir | Town Center |
| 16:10 | Crear | Villager (Male) |
| 16:53 | Crear | Villager (Male) |
| 17:14 | Construir | Town Center |
| 17:16 | Crear | Villager (Male) |
| 17:17 | Crear | Villager (Male) |
| 17:34 | Investigar | Bow Saw |
| 17:37 | Investigar | Loom |
| 17:46 | Crear | Villager (Male) |
| 18:06 | Crear | Villager (Male) |
| 18:15 | Investigar | Heavy Plow |
| 18:17 | Construir | Farm |
| 18:17 | Construir | Farm |
| 18:18 | Construir | Farm |
| 18:18 | Construir | Farm |
| 18:20 | Construir | Farm |
| 18:22 | Construir | Farm |
| 18:22 | Construir | Farm |
| 18:22 | Construir | Farm |
| 18:23 | Construir | Farm |
| 18:23 | Construir | Farm |
| 18:23 | Construir | Farm |
| 18:23 | Construir | Farm |
| 18:24 | Construir | Farm |
| 18:27 | Construir | Farm |
| 18:27 | Construir | Farm |
| 18:27 | Construir | Farm |
| 18:28 | Construir | Farm |
| 18:28 | Construir | Farm |
| 18:28 | Construir | Farm |
| 18:29 | Construir | Farm |
| 18:30 | Crear | Villager (Male) |
| 18:31 | Crear | Villager (Male) |
| 18:38 | Crear | Villager (Male) |
| 18:38 | Crear | Villager (Male) |
| 18:54 | Crear | Villager (Male) |
| 19:01 | Construir | Monastery |
| 19:06 | Crear | Villager (Male) |
| 19:07 | Crear | Villager (Male) |
| 19:11 | Construir | Farm |
| 19:11 | Construir | Farm |
| 19:11 | Construir | Farm |
| 19:14 | Crear | Villager (Male) |
| 19:29 | Crear | Villager (Male) |
| 19:30 | Crear | Villager (Male) |
| 19:36 | Construir | Farm |
| 19:43 | Construir | Mill |
| 19:44 | Crear | Villager (Male) |
| 20:07 | Crear | Villager (Male) |
| 20:09 | Crear | Villager (Male) |
| 20:20 | Crear | Villager (Male) |
| 20:20 | Crear | Villager (Male) |
| 20:32 | Construir | Town Center |
| 20:33 | Crear | Villager (Male) |
| 20:35 | Crear | Villager (Male) |
| 20:46 | Construir | Farm |
| 20:46 | Construir | Farm |
| 20:47 | Construir | Farm |
| 20:47 | Construir | Farm |
| 20:47 | Construir | Farm |
| 20:48 | Construir | Farm |
| 20:49 | Construir | Farm |
| 20:49 | Construir | Farm |
| 20:50 | Construir | Farm |
| 20:50 | Construir | Farm |
| 20:50 | Construir | Farm |
| 20:50 | Construir | Farm |
| 20:51 | Construir | Farm |
| 20:51 | Construir | Farm |
| 20:51 | Construir | Farm |
| 20:52 | Construir | Farm |
| 20:52 | Construir | Farm |
| 20:54 | Crear | Villager (Male) |
| 20:54 | Crear | Villager (Male) |
| 20:55 | Crear | Villager (Male) |
| 21:07 | Construir | House |
| 21:08 | Construir | House |
| 21:09 | Construir | House |
| 21:09 | Construir | House |
| 21:11 | Construir | House |
| 21:14 | Crear | Villager (Male) |
| 21:14 | Crear | Villager (Male) |
| 21:15 | Crear | Villager (Male) |
| 21:18 | Construir | Farm |
| 21:29 | Crear | Villager (Male) |
| 21:41 | Construir | Farm |
| 21:42 | Construir | Farm |
| 21:42 | Construir | Farm |
| 21:48 | Crear | Villager (Male) |
Build order — Augus
Primeras 150 de 324 acciones detectadas
| 0:02 | Crear | Villager (Male) |
| 0:03 | Crear | Villager (Male) |
| 0:03 | Crear | Villager (Male) |
| 0:03 | Crear | Villager (Male) |
| 0:03 | Crear | Villager (Male) |
| 0:03 | Crear | Villager (Male) |
| 0:04 | Crear | Villager (Male) |
| 0:05 | Construir | House |
| 0:09 | Construir | House |
| 1:26 | Construir | Mill |
| 1:32 | Crear | Villager (Male) |
| 1:33 | Crear | Villager (Male) |
| 1:33 | Crear | Villager (Male) |
| 1:33 | Crear | Villager (Male) |
| 2:12 | Crear | Villager (Male) |
| 2:12 | Crear | Villager (Male) |
| 2:12 | Crear | Villager (Male) |
| 2:29 | Crear | Villager (Male) |
| 2:29 | Crear | Villager (Male) |
| 2:30 | Crear | Villager (Male) |
| 2:48 | Crear | Villager (Male) |
| 2:48 | Crear | Villager (Male) |
| 2:48 | Crear | Villager (Male) |
| 3:14 | Crear | Villager (Male) |
| 3:14 | Crear | Villager (Male) |
| 3:14 | Crear | Villager (Male) |
| 3:48 | Construir | Lumber Camp |
| 3:52 | Crear | Villager (Male) |
| 3:52 | Crear | Villager (Male) |
| 3:57 | Crear | Villager (Male) |
| 3:57 | Crear | Villager (Male) |
| 3:57 | Crear | Villager (Male) |
| 4:10 | Crear | Villager (Male) |
| 4:14 | Construir | House |
| 4:24 | Crear | Villager (Male) |
| 4:24 | Crear | Villager (Male) |
| 4:25 | Crear | Villager (Male) |
| 4:44 | Crear | Villager (Male) |
| 4:44 | Crear | Villager (Male) |
| 4:44 | Crear | Villager (Male) |
| 5:43 | Crear | Villager (Male) |
| 6:07 | Crear | Villager (Male) |
| 6:12 | Construir | Lumber Camp |
| 6:16 | Crear | Villager (Male) |
| 6:24 | Construir | House |
| 6:48 | Crear | Villager (Male) |
| 7:10 | Construir | Mining Camp |
| 7:39 | Investigar | Feudal Age |
| 8:28 | Construir | Farm |
| 8:44 | Construir | Farm |
| 8:46 | Construir | Farm |
| 8:48 | Construir | Farm |
| 8:53 | Crear | Villager (Male) |
| 9:02 | Construir | House |
| 9:53 | Crear | Villager (Male) |
| 9:56 | Edad | Edad Feudal |
| 10:01 | Construir | Blacksmith |
| 10:23 | Construir | Farm |
| 10:40 | Crear | Villager (Male) |
| 10:49 | Construir | Farm |
| 11:08 | Crear | Villager (Male) |
| 11:14 | Construir | Farm |
| 11:35 | Crear | Villager (Male) |
| 11:39 | Construir | Farm |
| 11:59 | Crear | Villager (Male) |
| 12:20 | Crear | Villager (Male) |
| 12:29 | Construir | Market |
| 12:36 | Crear | Villager (Male) |
| 13:24 | Investigar | Castle Age |
| 13:25 | Investigar | Castle Age |
| 13:25 | Investigar | Castle Age |
| 13:29 | Construir | House |
| 13:34 | Construir | House |
| 13:36 | Construir | House |
| 13:50 | Investigar | Horse Collar |
| 14:11 | Construir | Lumber Camp |
| 14:52 | Crear | Villager (Male) |
| 14:56 | Construir | Farm |
| 14:59 | Construir | Farm |
| 15:01 | Construir | Farm |
| 15:20 | Construir | Farm |
| 15:28 | Construir | Farm |
| 15:57 | Crear | Villager (Male) |
| 16:04 | Crear | Villager (Male) |
| 16:04 | Edad | Edad de los Castillos |
| 16:16 | Construir | Barracks |
| 17:00 | Construir | Farm |
| 17:05 | Construir | Farm |
| 17:09 | Crear | Villager (Male) |
| 17:19 | Construir | Stable |
| 17:28 | Construir | Farm |
| 17:44 | Crear | Villager (Male) |
| 17:51 | Construir | Farm |
| 18:08 | Crear | Villager (Male) |
| 18:20 | Construir | Mining Camp |
| 18:24 | Crear | Villager (Male) |
| 18:29 | Crear | Shrivamsha Rider |
| 18:31 | Crear | Shrivamsha Rider |
| 18:31 | Crear | Shrivamsha Rider |
| 18:32 | Crear | Shrivamsha Rider |
| 18:32 | Crear | Shrivamsha Rider |
| 18:32 | Crear | Shrivamsha Rider |
| 18:34 | Crear | Shrivamsha Rider |
| 18:45 | Construir | Farm |
| 18:49 | Crear | Villager (Male) |
| 19:02 | Construir | House |
| 19:17 | Crear | Villager (Male) |
| 19:30 | Investigar | Double-Bit Axe |
| 19:34 | Crear | Scout Cavalry |
| 19:40 | Investigar | Scale Barding Armor |
| 19:42 | Crear | Villager (Male) |
| 19:56 | Crear | Scout Cavalry |
| 19:56 | Crear | Scout Cavalry |
| 20:05 | Crear | Villager (Male) |
| 20:13 | Construir | House |
| 20:14 | Construir | House |
| 20:20 | Crear | Villager (Male) |
| 20:30 | Crear | Shrivamsha Rider |
| 20:31 | Crear | Shrivamsha Rider |
| 20:31 | Crear | Shrivamsha Rider |
| 20:32 | Crear | Shrivamsha Rider |
| 20:39 | Investigar | Chain Barding Armor |
| 20:50 | Crear | Villager (Male) |
| 20:55 | Construir | Town Center |
| 21:05 | Crear | Villager (Male) |
| 21:21 | Construir | Farm |
| 21:24 | Crear | Villager (Male) |
| 21:36 | Crear | Villager (Male) |
| 21:51 | Crear | Villager (Male) |
| 22:11 | Crear | Shrivamsha Rider |
| 22:12 | Crear | Shrivamsha Rider |
| 22:24 | Crear | Villager (Male) |
| 22:24 | Crear | Villager (Male) |
| 22:28 | Investigar | Heavy Plow |
| 22:42 | Construir | Stable |
| 22:47 | Crear | Villager (Male) |
| 22:51 | Crear | Villager (Male) |
| 23:01 | Investigar | Husbandry |
| 23:04 | Crear | Villager (Male) |
| 23:04 | Crear | Villager (Male) |
| 23:14 | Construir | Farm |
| 23:19 | Construir | Farm |
| 23:23 | Construir | Farm |
| 23:28 | Construir | Farm |
| 23:32 | Crear | Villager (Male) |
| 23:35 | Crear | Villager (Male) |
| 23:35 | Crear | Villager (Male) |
| 23:48 | Construir | House |
| 23:50 | Construir | House |
| 23:52 | Construir | House |
Build order — NitwoL
Primeras 150 de 349 acciones detectadas
| 0:01 | Crear | Villager (Male) |
| 0:01 | Crear | Villager (Male) |
| 0:05 | Construir | House |
| 0:14 | Construir | House |
| 0:21 | Crear | Villager (Male) |
| 0:56 | Crear | Villager (Male) |
| 0:56 | Crear | Villager (Male) |
| 1:42 | Crear | Villager (Male) |
| 2:06 | Construir | Lumber Camp |
| 2:10 | Crear | Villager (Male) |
| 2:30 | Crear | Villager (Male) |
| 2:30 | Crear | Villager (Male) |
| 3:10 | Crear | Villager (Male) |
| 3:11 | Crear | Villager (Male) |
| 3:38 | Crear | Villager (Male) |
| 3:39 | Crear | Villager (Male) |
| 4:00 | Construir | House |
| 4:01 | Crear | Villager (Male) |
| 4:01 | Crear | Villager (Male) |
| 4:26 | Crear | Villager (Male) |
| 4:37 | Construir | House |
| 4:56 | Crear | Villager (Male) |
| 5:30 | Crear | Villager (Male) |
| 5:31 | Crear | Villager (Male) |
| 5:39 | Construir | Mill |
| 5:48 | Construir | Mill |
| 6:20 | Crear | Villager (Male) |
| 6:20 | Crear | Villager (Male) |
| 6:39 | Crear | Villager (Male) |
| 6:45 | Construir | Farm |
| 6:50 | Crear | Villager (Male) |
| 7:10 | Crear | Villager (Male) |
| 7:22 | Construir | House |
| 7:51 | Construir | House |
| 7:52 | Construir | House |
| 8:15 | Construir | Mining Camp |
| 8:19 | Crear | Villager (Male) |
| 8:20 | Crear | Villager (Male) |
| 8:34 | Construir | Farm |
| 8:36 | Crear | Villager (Male) |
| 9:06 | Construir | Farm |
| 9:10 | Investigar | Feudal Age |
| 9:25 | Construir | Farm |
| 11:04 | Construir | Farm |
| 11:14 | Crear | Villager (Male) |
| 11:14 | Crear | Villager (Male) |
| 11:25 | Edad | Edad Feudal |
| 11:29 | Construir | Market |
| 11:42 | Construir | Blacksmith |
| 11:53 | Crear | Villager (Male) |
| 12:07 | Construir | Farm |
| 12:12 | Construir | Farm |
| 12:55 | Investigar | Castle Age |
| 12:55 | Investigar | Castle Age |
| 12:55 | Investigar | Loom |
| 13:10 | Construir | Mining Camp |
| 13:40 | Investigar | Double-Bit Axe |
| 15:07 | Construir | Farm |
| 15:35 | Edad | Edad de los Castillos |
| 15:42 | Crear | Villager (Male) |
| 16:12 | Construir | Castle |
| 16:18 | Crear | Villager (Male) |
| 16:34 | Construir | Town Center |
| 16:42 | Investigar | Wheelbarrow |
| 16:44 | Investigar | Bow Saw |
| 16:44 | Investigar | Bow Saw |
| 16:46 | Crear | Villager (Male) |
| 17:27 | Construir | Farm |
| 17:30 | Crear | Villager (Male) |
| 17:32 | Crear | Villager (Male) |
| 17:38 | Crear | Janissary |
| 17:38 | Crear | Janissary |
| 17:38 | Crear | Janissary |
| 17:45 | Construir | Farm |
| 18:08 | Construir | Farm |
| 18:09 | Crear | Villager (Male) |
| 18:21 | Construir | Farm |
| 18:27 | Crear | Villager (Male) |
| 18:48 | Crear | Villager (Male) |
| 18:52 | Construir | Farm |
| 18:53 | Construir | Farm |
| 18:54 | Construir | Farm |
| 19:01 | Crear | Janissary |
| 19:13 | Crear | Villager (Male) |
| 19:14 | Crear | Villager (Male) |
| 19:47 | Crear | Janissary |
| 20:05 | Crear | Villager (Male) |
| 20:05 | Crear | Villager (Male) |
| 20:09 | Construir | Farm |
| 20:12 | Construir | Farm |
| 20:13 | Crear | Villager (Male) |
| 20:20 | Construir | Siege Workshop |
| 20:25 | Crear | Janissary |
| 20:25 | Crear | Janissary |
| 20:54 | Crear | Janissary |
| 20:55 | Crear | Villager (Male) |
| 20:58 | Construir | Farm |
| 21:02 | Construir | Farm |
| 21:03 | Crear | Villager (Male) |
| 21:28 | Crear | Villager (Male) |
| 21:28 | Crear | Villager (Male) |
| 21:32 | Construir | Farm |
| 21:41 | Crear | Battering Ram |
| 21:52 | Construir | Barracks |
| 21:57 | Crear | Janissary |
| 22:00 | Crear | Villager (Male) |
| 22:01 | Crear | Villager (Male) |
| 22:05 | Crear | Villager (Male) |
| 22:11 | Crear | Villager (Male) |
| 22:21 | Crear | Battering Ram |
| 22:22 | Crear | Battering Ram |
| 23:05 | Crear | Janissary |
| 23:06 | Crear | Janissary |
| 23:11 | Crear | Spearman |
| 23:11 | Crear | Spearman |
| 23:15 | Crear | Villager (Male) |
| 23:16 | Crear | Villager (Male) |
| 23:22 | Construir | House |
| 23:31 | Crear | Janissary |
| 23:31 | Crear | Janissary |
| 23:37 | Investigar | Padded Archer Armor |
| 23:38 | Crear | Villager (Male) |
| 23:41 | Construir | Farm |
| 23:42 | Construir | Farm |
| 23:43 | Crear | Villager (Male) |
| 23:43 | Crear | Villager (Male) |
| 24:08 | Crear | Janissary |
| 24:08 | Crear | Janissary |
| 24:09 | Crear | Villager (Male) |
| 24:12 | Construir | Farm |
| 24:18 | Construir | House |
| 25:32 | Crear | Janissary |
| 25:33 | Crear | Janissary |
| 25:57 | Crear | Janissary |
| 25:57 | Crear | Janissary |
| 25:57 | Crear | Janissary |
| 26:00 | Crear | Villager (Male) |
| 26:07 | Construir | Town Center |
| 26:12 | Crear | Villager (Male) |
| 26:13 | Crear | Villager (Male) |
| 26:18 | Construir | House |
| 26:22 | Construir | House |
| 26:23 | Construir | House |
| 27:07 | Crear | Janissary |
| 27:08 | Crear | Janissary |
| 27:08 | Crear | Janissary |
| 27:09 | Crear | Villager (Male) |
| 27:10 | Crear | Villager (Male) |
| 27:10 | Crear | Villager (Male) |
| 27:11 | Crear | Villager (Male) |
Build order — KhanShinnok
Primeras 150 de 292 acciones detectadas
| 0:01 | Crear | Villager (Male) |
| 0:02 | Crear | Villager (Male) |
| 0:03 | Construir | House |
| 0:05 | Construir | House |
| 0:23 | Crear | Villager (Male) |
| 0:24 | Crear | Villager (Male) |
| 0:24 | Crear | Villager (Male) |
| 0:24 | Crear | Villager (Male) |
| 0:24 | Crear | Villager (Male) |
| 1:51 | Crear | Villager (Male) |
| 1:52 | Crear | Villager (Male) |
| 2:12 | Construir | Lumber Camp |
| 2:15 | Crear | Villager (Male) |
| 2:15 | Crear | Villager (Male) |
| 2:16 | Crear | Villager (Male) |
| 2:34 | Crear | Villager (Male) |
| 2:34 | Crear | Villager (Male) |
| 3:19 | Crear | Villager (Male) |
| 3:19 | Crear | Villager (Male) |
| 3:26 | Construir | House |
| 3:27 | Construir | House |
| 3:46 | Crear | Villager (Male) |
| 3:46 | Crear | Villager (Male) |
| 3:47 | Crear | Villager (Male) |
| 3:47 | Crear | Villager (Male) |
| 3:49 | Construir | House |
| 4:28 | Crear | Villager (Male) |
| 4:29 | Crear | Villager (Male) |
| 4:29 | Crear | Villager (Male) |
| 5:16 | Construir | Mill |
| 5:24 | Crear | Villager (Male) |
| 5:25 | Crear | Villager (Male) |
| 5:25 | Crear | Villager (Male) |
| 5:42 | Crear | Villager (Male) |
| 5:42 | Crear | Villager (Male) |
| 6:33 | Crear | Villager (Male) |
| 7:48 | Investigar | Loom |
| 8:17 | Construir | Mining Camp |
| 8:23 | Investigar | Feudal Age |
| 10:33 | Edad | Edad Feudal |
| 10:35 | Crear | Villager (Male) |
| 10:39 | Construir | Market |
| 10:51 | Construir | Blacksmith |
| 11:04 | Crear | Villager (Male) |
| 11:29 | Crear | Villager (Male) |
| 11:55 | Crear | Villager (Male) |
| 12:19 | Crear | Villager (Male) |
| 12:43 | Construir | House |
| 12:43 | Construir | House |
| 12:44 | Construir | House |
| 13:06 | Investigar | Castle Age |
| 14:01 | Investigar | Horse Collar |
| 14:19 | Construir | Barracks |
| 14:52 | Construir | Farm |
| 14:54 | Construir | Farm |
| 14:55 | Construir | Farm |
| 14:56 | Construir | Farm |
| 14:58 | Construir | Farm |
| 15:02 | Construir | Farm |
| 15:03 | Construir | Farm |
| 15:25 | Construir | Stable |
| 15:27 | Construir | Stable |
| 15:46 | Edad | Edad de los Castillos |
| 15:46 | Crear | Villager (Male) |
| 16:10 | Construir | Monastery |
| 16:13 | Crear | Villager (Male) |
| 16:18 | Construir | Farm |
| 16:29 | Investigar | Double-Bit Axe |
| 16:29 | Investigar | Double-Bit Axe |
| 16:29 | Investigar | Double-Bit Axe |
| 16:38 | Crear | Villager (Male) |
| 16:44 | Construir | Farm |
| 17:06 | Crear | Monk |
| 17:06 | Crear | Monk |
| 17:09 | Construir | Farm |
| 17:11 | Construir | Farm |
| 17:13 | Crear | Villager (Male) |
| 17:25 | Construir | Farm |
| 17:30 | Construir | Farm |
| 17:31 | Crear | Knight |
| 18:03 | Crear | Villager (Male) |
| 18:27 | Crear | Villager (Male) |
| 18:30 | Crear | Monk |
| 18:34 | Crear | Knight |
| 18:34 | Crear | Knight |
| 18:41 | Construir | Farm |
| 18:43 | Construir | Farm |
| 19:14 | Crear | Villager (Male) |
| 19:14 | Crear | Villager (Male) |
| 19:17 | Crear | Knight |
| 19:17 | Crear | Knight |
| 19:43 | Crear | Knight |
| 19:47 | Crear | Knight |
| 19:50 | Crear | Villager (Male) |
| 20:10 | Construir | Town Center |
| 20:11 | Construir | Farm |
| 20:11 | Construir | Farm |
| 20:12 | Construir | Farm |
| 20:12 | Construir | Farm |
| 20:12 | Construir | Farm |
| 20:12 | Construir | Farm |
| 20:12 | Construir | Farm |
| 20:13 | Construir | Farm |
| 20:13 | Construir | Farm |
| 20:28 | Construir | House |
| 20:29 | Construir | House |
| 20:42 | Crear | Villager (Male) |
| 20:44 | Crear | Knight |
| 20:45 | Crear | Knight |
| 21:05 | Crear | Villager (Male) |
| 21:15 | Construir | Farm |
| 21:20 | Construir | Farm |
| 21:21 | Crear | Villager (Male) |
| 21:21 | Crear | Villager (Male) |
| 21:24 | Construir | House |
| 21:25 | Construir | House |
| 21:25 | Construir | House |
| 21:25 | Construir | House |
| 21:25 | Construir | House |
| 21:26 | Construir | House |
| 21:26 | Construir | House |
| 21:40 | Crear | Knight |
| 21:40 | Crear | Knight |
| 21:41 | Crear | Villager (Male) |
| 21:56 | Construir | Farm |
| 22:04 | Crear | Villager (Male) |
| 22:05 | Crear | Villager (Male) |
| 22:18 | Crear | Knight |
| 22:19 | Crear | Knight |
| 22:27 | Investigar | Scale Barding Armor |
| 22:27 | Investigar | Scale Barding Armor |
| 22:29 | Crear | Knight |
| 22:49 | Investigar | Forging |
| 22:58 | Crear | Villager (Male) |
| 23:05 | Crear | Villager (Male) |
| 23:13 | Investigar | Bloodlines |
| 23:13 | Investigar | Bloodlines |
| 23:13 | Investigar | Bloodlines |
| 23:32 | Construir | Stable |
| 23:36 | Construir | Stable |
| 23:38 | Crear | Villager (Male) |
| 23:38 | Crear | Villager (Male) |
| 24:00 | Crear | Villager (Male) |
| 24:15 | Investigar | Chain Barding Armor |
| 24:25 | Investigar | Bloodlines |
| 24:30 | Construir | Farm |
| 24:31 | Construir | Farm |
| 24:40 | Investigar | Husbandry |
| 24:40 | Investigar | Husbandry |
| 24:40 | Investigar | Husbandry |
Build order — luizcspinha
Primeras 150 de 488 acciones detectadas
| 0:03 | Crear | Villager (Male) |
| 0:04 | Crear | Villager (Male) |
| 0:04 | Crear | Villager (Male) |
| 0:04 | Crear | Villager (Male) |
| 0:05 | Crear | Villager (Male) |
| 0:36 | Construir | House |
| 0:42 | Investigar | Loom |
| 0:50 | Crear | Villager (Male) |
| 0:50 | Crear | Villager (Male) |
| 0:51 | Crear | Villager (Male) |
| 0:51 | Crear | Villager (Male) |
| 1:03 | Construir | House |
| 1:56 | Crear | Villager (Male) |
| 1:56 | Crear | Villager (Male) |
| 1:57 | Crear | Villager (Male) |
| 2:31 | Construir | Lumber Camp |
| 2:34 | Crear | Villager (Male) |
| 2:35 | Crear | Villager (Male) |
| 2:35 | Crear | Villager (Male) |
| 2:52 | Crear | Villager (Male) |
| 2:52 | Crear | Villager (Male) |
| 3:14 | Crear | Villager (Male) |
| 3:14 | Crear | Villager (Male) |
| 3:49 | Crear | Villager (Male) |
| 3:50 | Crear | Villager (Male) |
| 3:50 | Crear | Villager (Male) |
| 4:01 | Crear | Villager (Male) |
| 4:01 | Crear | Villager (Male) |
| 4:06 | Construir | House |
| 4:33 | Crear | Villager (Male) |
| 4:34 | Crear | Villager (Male) |
| 5:16 | Crear | Villager (Male) |
| 5:16 | Crear | Villager (Male) |
| 5:23 | Construir | Mill |
| 5:35 | Crear | Villager (Male) |
| 5:36 | Crear | Villager (Male) |
| 6:24 | Crear | Villager (Male) |
| 6:24 | Crear | Villager (Male) |
| 6:33 | Crear | Villager (Male) |
| 6:44 | Crear | Villager (Male) |
| 6:44 | Crear | Villager (Male) |
| 6:45 | Crear | Villager (Male) |
| 7:00 | Crear | Villager (Male) |
| 7:00 | Crear | Villager (Male) |
| 7:05 | Construir | House |
| 7:25 | Crear | Villager (Male) |
| 7:25 | Crear | Villager (Male) |
| 7:38 | Crear | Villager (Male) |
| 7:38 | Crear | Villager (Male) |
| 8:48 | Construir | Mining Camp |
| 9:34 | Investigar | Feudal Age |
| 10:11 | Construir | Farm |
| 10:12 | Construir | Farm |
| 10:14 | Construir | Farm |
| 10:42 | Construir | Farm |
| 10:47 | Construir | Farm |
| 10:50 | Construir | Farm |
| 11:04 | Construir | House |
| 11:30 | Crear | Villager (Male) |
| 11:31 | Crear | Villager (Male) |
| 11:31 | Crear | Villager (Male) |
| 11:44 | Edad | Edad Feudal |
| 11:48 | Construir | Blacksmith |
| 11:52 | Construir | Market |
| 12:38 | Construir | Mining Camp |
| 12:41 | Crear | Villager (Male) |
| 12:54 | Construir | Farm |
| 13:00 | Construir | Farm |
| 13:03 | Crear | Villager (Male) |
| 13:38 | Investigar | Castle Age |
| 13:49 | Investigar | Double-Bit Axe |
| 13:57 | Construir | House |
| 13:59 | Construir | House |
| 15:03 | Construir | House |
| 15:45 | Construir | House |
| 16:10 | Crear | Villager (Male) |
| 16:10 | Crear | Villager (Male) |
| 16:11 | Crear | Villager (Male) |
| 16:18 | Construir | House |
| 16:21 | Construir | House |
| 16:29 | Edad | Edad de los Castillos |
| 16:32 | Construir | Town Center |
| 16:42 | Investigar | Bow Saw |
| 16:45 | Investigar | Wheelbarrow |
| 16:46 | Crear | Villager (Male) |
| 16:46 | Crear | Villager (Male) |
| 16:57 | Construir | House |
| 17:00 | Investigar | Horse Collar |
| 17:06 | Construir | Farm |
| 17:27 | Crear | Villager (Male) |
| 17:41 | Construir | Town Center |
| 17:47 | Crear | Villager (Male) |
| 17:53 | Construir | Farm |
| 17:58 | Crear | Villager (Male) |
| 17:58 | Crear | Villager (Male) |
| 18:02 | Construir | Farm |
| 18:06 | Construir | Farm |
| 18:07 | Construir | Farm |
| 18:11 | Crear | Villager (Male) |
| 18:11 | Crear | Villager (Male) |
| 18:13 | Construir | House |
| 18:16 | Construir | House |
| 18:32 | Construir | Lumber Camp |
| 18:37 | Crear | Villager (Male) |
| 18:37 | Crear | Villager (Male) |
| 18:53 | Construir | House |
| 18:58 | Crear | Villager (Male) |
| 19:06 | Construir | Farm |
| 19:08 | Construir | Farm |
| 19:19 | Crear | Villager (Male) |
| 19:19 | Crear | Villager (Male) |
| 19:24 | Construir | Farm |
| 19:26 | Construir | Farm |
| 19:28 | Construir | Farm |
| 19:35 | Crear | Villager (Male) |
| 19:35 | Crear | Villager (Male) |
| 19:39 | Construir | Farm |
| 19:54 | Crear | Villager (Male) |
| 19:54 | Crear | Villager (Male) |
| 19:58 | Construir | Farm |
| 20:02 | Construir | House |
| 20:04 | Construir | House |
| 20:06 | Construir | House |
| 20:12 | Crear | Villager (Male) |
| 20:12 | Crear | Villager (Male) |
| 20:24 | Construir | Farm |
| 20:26 | Construir | Farm |
| 20:44 | Construir | Farm |
| 20:55 | Construir | Farm |
| 20:59 | Construir | Farm |
| 21:01 | Crear | Villager (Male) |
| 21:01 | Crear | Villager (Male) |
| 21:02 | Crear | Villager (Male) |
| 21:11 | Investigar | Gold Mining |
| 21:22 | Crear | Villager (Male) |
| 21:22 | Crear | Villager (Male) |
| 21:26 | Construir | House |
| 21:33 | Construir | Farm |
| 21:34 | Construir | Farm |
| 21:37 | Construir | Farm |
| 21:40 | Crear | Villager (Male) |
| 21:40 | Crear | Villager (Male) |
| 21:41 | Crear | Villager (Male) |
| 21:53 | Crear | Villager (Male) |
| 21:53 | Crear | Villager (Male) |
| 22:04 | Construir | Town Center |
| 22:09 | Crear | Villager (Male) |
| 22:10 | Crear | Villager (Male) |
| 22:17 | Construir | University |
| 22:27 | Crear | Villager (Male) |
Cronología de la partida
| 8:57 | Cenute (aoetm.eu) · first_building Barracks |
| 9:56 | Augus · age_up feudal |
| 10:18 | Lapin de Komodo · age_up feudal |
| 10:27 | watsons_water · age_up feudal |
| 10:33 | KhanShinnok · age_up feudal |
| 10:56 | Cenute (aoetm.eu) · age_up feudal |
| 11:25 | NitwoL · age_up feudal |
| 11:34 | Lemmy · age_up feudal |
| 11:44 | luizcspinha · age_up feudal |
| 12:45 | NitwoL · first_market_buy 100 food |
| 12:50 | Lapin de Komodo · first_market_sell 100 wood |
| 12:52 | Lapin de Komodo · first_market_buy 100 food |
| 13:05 | KhanShinnok · first_market_buy 100 food |
| 13:08 | Cenute (aoetm.eu) · first_market_buy 100 food |
| 13:10 | Cenute (aoetm.eu) · first_market_sell 100 wood |
| 13:25 | watsons_water · first_market_sell 100 wood |
| 13:26 | watsons_water · first_market_buy 100 food |
| 14:19 | KhanShinnok · first_building Barracks |
| 15:12 | Lemmy · age_up castle |
| 15:25 | KhanShinnok · first_building Stable |
| 15:35 | NitwoL · age_up castle |
| 15:46 | KhanShinnok · age_up castle |
| 15:53 | Cenute (aoetm.eu) · age_up castle |
| 16:04 | Augus · age_up castle |
| 16:10 | KhanShinnok · first_building Monastery |
| 16:12 | watsons_water · age_up castle |
| 16:12 | NitwoL · first_building Castle |
| 16:16 | Augus · first_building Barracks |
| 16:25 | NitwoL · first_market_sell 100 wood |
| 16:29 | luizcspinha · age_up castle |
| 16:43 | Lapin de Komodo · age_up castle |
| 17:19 | Augus · first_building Stable |
| 17:23 | watsons_water · first_building Castle |
| 17:29 | Lapin de Komodo · first_building Barracks |
| 19:01 | Cenute (aoetm.eu) · first_building Monastery |
| 19:02 | Lapin de Komodo · first_building Castle |
| 20:20 | NitwoL · first_building Siege Workshop |
| 20:34 | watsons_water · first_building Barracks |
| 20:42 | watsons_water · first_building Monastery |
| 20:57 | Lapin de Komodo · first_building Monastery |
| 21:02 | Lapin de Komodo · first_building Siege Workshop |
| 21:37 | watsons_water · first_building Stable |
| 21:52 | NitwoL · first_building Barracks |
| 23:09 | luizcspinha · first_building Monastery |
| 23:24 | luizcspinha · wall_segment Palisade Wall x1 |
| 24:10 | Augus · first_building Castle |
| 24:32 | Lemmy · first_building Castle |
| 25:03 | Lemmy · first_building Barracks |
| 25:18 | Lemmy · first_market_sell 100 food |
| 25:20 | luizcspinha · first_building Barracks |
| 26:13 | Lemmy · first_building Stable |
| 26:19 | luizcspinha · first_building Archery Range |
| 26:23 | Cenute (aoetm.eu) · first_building Castle |
| 27:23 | luizcspinha · first_market_sell 100 wood |
| 27:25 | luizcspinha · first_market_buy 100 food |
| 27:32 | Cenute (aoetm.eu) · first_building Stable |
| 27:53 | KhanShinnok · wall_segment Palisade Wall x3 |
| 28:07 | luizcspinha · age_up imperial |
| 28:11 | Lemmy · wall_segment Palisade Wall x1 |
| 28:49 | Cenute (aoetm.eu) · first_building Krepost |
| 28:54 | watsons_water · age_up imperial |
| 29:46 | Lemmy · age_up imperial |
| 30:46 | watsons_water · first_building Archery Range |
| 31:29 | Cenute (aoetm.eu) · age_up imperial |
| 32:47 | watsons_water · first_building Siege Workshop |
| 33:22 | NitwoL · age_up imperial |
| 33:38 | NitwoL · first_building Archery Range |
| 33:38 | luizcspinha · first_building Castle |
| 33:59 | Augus · age_up imperial |
| 36:47 | Lemmy · first_building Monastery |
| 38:19 | NitwoL · first_building Stable |
| 38:35 | Augus · first_market_sell 100 food |
| 41:36 | watsons_water · wall_segment Stone Wall x11 |
| 41:55 | KhanShinnok · first_market_sell 100 stone |
| 44:57 | Augus · resign |
| 45:05 | Lapin de Komodo · wall_segment Stone Wall x14 |
| 45:11 | Lapin de Komodo · wall_segment Stone Wall x6 |
| 45:16 | Lapin de Komodo · wall_segment Stone Wall x3 |
[ ANÁLISIS IA · 1 CRÉDITO ]
¿Qué pasó realmente en esta partida?
Wolo.gg analiza cada decisión: build order, eco, micro, errores típicos por bracket. Análisis personalizado por WhatsApp o Discord en 30 segundos.
Guía civ
Celtas
Guía mapa
Hideout
Perfil
Jugador #335303